 Dungeon Crawl Stone Soup version 0.21.1-1-g345015f (webtiles) character file.

155 Monsterracer the Ruffian (level 5, -3/40 HPs)
             Began as a Ghoul Wanderer on July 9, 2018.
             Slain by Sigmund
             ... wielding a +0 scythe
              (15 damage)
             ... on level 3 of the Dungeon.
             The game lasted 00:05:24 (2849 turns).

Monsterracer the Ruffian (Ghoul Wanderer)           Turns: 2849, Time: 00:05:25

Health: -3/40      AC:  3    Str: 17    XL:     5   Next: 37%
Magic:  4/4        EV: 11    Int:  7    God:
Gold:   64         SH:  0    Dex:  8    Spells: 4/4 levels left

rFire    . . .     SeeInvis .     - Unarmed
rCold    + . .     Gourm    .   (no shield)
rNeg     + + +     Faith    .   d - +0 robe
rPois    ∞         Spirit   .   m - +0 helmet
rElec    .         Reflect  .   (no cloak)
rCorr    .         Harm     .   (no gloves)
MR       .....     Rnd*Tele +   (no boots)
Stlth    +.........             (no amulet)
HPRegen  0.00/turn              i - ring of teleportation (curse)
MPRegen  0.09/turn              (no ring)

@: rotting
A: rotting body, claws 1, carnivore, cold resistance 1, negative energy
resistance 3, inhibited regeneration, torment resistance, unbreathing
a: no special abilities


You were on level 3 of the Dungeon.
You were not hungry.

You visited 1 branch of the dungeon, and saw 3 of its levels.

You collected 64 gold pieces.

Inventory:

Armour
 d - a +0 robe (worn)
 k - a +0 pair of gloves
 m - a +0 helmet (worn)
Jewellery
 i - a cursed ring of teleportation (left claw)
Scrolls
 e - a scroll of fear {unknown}
 f - 2 scrolls of teleportation
 g - a scroll of enchant armour {unknown}
 l - 2 scrolls of remove curse {unknown}
 n - a scroll of enchant weapon {unknown}
 o - a scroll of identify {unknown}
Potions
 b - a potion of curing
 h - a potion of agility {unknown}
 j - a potion of heal wounds {unknown}
Comestibles
 a - 4 chunks of flesh
 c - 2 rations


   Skills:
 + Level 1.2 Fighting
   Level 3.6 Short Blades
   Level 1.0 Bows
 - Level 1.0 Armour
 - Level 1.0 Dodging
 - Level 1.1 Stealth
   Level 1.0 Shields
 * Level 5.3 Unarmed Combat


You had 4 spell levels left.
You didn't know any spells.

Dungeon Overview and Level Annotations

Branches:
Dungeon (3/15)

Altars:
Sif Muna

Annotations:
D:2 1 runed door
D:3 Sigmund


Innate Abilities, Weirdness & Mutations

Your body is rotting away.
You thrive on raw meat.
You are immune to poison.
You have sharp fingernails.
You are carnivorous and can eat meat at any time.
Your flesh is cold resistant. (rC+)
You are immune to negative energy. (rN+++)
You do not regenerate when monsters are visible.
You are immune to unholy pain and torment.
You can survive without breathing.


Message History

Things that are here:
a mace; a goblin skeleton Eating a chunk of flesh.
You eat the chunk of flesh.
You feel more resilient.
This raw flesh tastes great!
Found a stone staircase leading down.
Health restored: 40 No target in view!
Found a stone staircase leading up.
No target in view!
A goblin comes into view. It is wielding a dagger.
The goblin shouts!
A goblin is nearby!
The goblin misses you.
A goblin is nearby!
You completely miss the goblin. You barely miss the goblin.
The goblin hits you but does no damage.
A goblin is nearby!
You scratch the goblin but do no damage.
The goblin hits you but does no damage.
A goblin is nearby!
You scratch the goblin.
The goblin is moderately wounded.
The goblin hits you but does no damage.
A goblin is nearby!
A goblin is nearby!
You scratch the goblin.
The goblin is heavily wounded.
The goblin hits you but does no damage.
You scratch the goblin.
You kill the goblin!
Things that are here:
a dagger; a goblin corpse No target in view!
You butcher the goblin corpse.
a - a chunk of flesh
Things that are here:
a dagger; a goblin skeleton
Things that are here:
a dagger; a goblin skeleton You open the door.
Found a deep blue altar of Sif Muna.
No target in view!
There is an open door here.
You enter the shallow water.
Moving in this stuff is going to be slow.
There is an open door here.
Things that are here:
a dagger; a goblin skeleton
There is a stone staircase leading up here.
You now have 64 gold pieces (gained 5).
A kobold comes into view. It is wielding a short sword.
The kobold shouts!
The kobold throws a stone.
The stone barely misses you.
A kobold is nearby!
The kobold hits you with a short sword.
Found a whip.
You take 2 damage, and have 38/40 hp.
You closely miss the kobold. You claw the kobold.
The kobold is moderately wounded.
The kobold hits you but does no damage.
You claw the kobold!
You kill the kobold!
Things that are here:
a short sword; a stone; a kobold corpse; Health restored: 40 No target in view!
You butcher the kobold corpse.
a - 4 chunks of flesh (gained 3)
Things that are here:
a short sword; a stone
Things that are here:
a short sword; a stone Key pressed, stopping explore.
No target in view!
Found a dagger.
l - 2 scrolls labeled ICEALI ACSAOF (gained 1) Sigmund the Dreaded comes into view.
He is wielding a scythe.
Sigmund shouts!
Sigmund is nearby!
Sigmund closely misses you.
Sigmund gestures wildly while chanting.
Sigmund flickers and vanishes!
Deactivating autopickup; reactivate with Ctrl-A.
You barely miss something. Something hits you!
You barely miss something.
You take 7 damage, and have 33/40 hp.
You barely miss something. Something hits you!
You take 11 damage, and have 22/40 hp.
MASSIVE DAMAGE!!
You scratch something. Something hits you!
* * * LOW HITPOINT WARNING * * *
You take 9 damage, and have 13/40 hp.
MASSIVE DAMAGE!!
Something hits you.
* * * LOW HITPOINT WARNING * * *
You take 2 damage, and have 11/40 hp.
Sigmund appears from thin air!
Reactivating autopickup.
You aren't carrying any items that you can evoke.
Sigmund flickers, as though insubstantial.
There is a stone staircase leading up here.
Sigmund hits you from afar with a scythe!
You die...

#≈≈...≈≈####
#..>..##
#≈≈._...'..# #.....#
#≈≈...≈≈##.# #..####
#≈≈≈≈≈≈≈##.# #..# .
##≈≈≈≈≈###)######..#
# ########
#.........# ## #.#
##.......##
.#####.######
#.#######
...)##......####@#
........###......#
###.##.(# #.####@#
#.###.###.# #.# #.#
#.....# #.# #.#
###.######.#
###)#####.#......#
..........#.######
###.#######.#


You could see Sigmund.

Vanquished Creatures
  Natasha (thrice) (D:2)
  An adder (D:2)
  An ooze (D:1)
  A worm (D:3)
  3 dart slugs (D:1)
  2 leopard geckos
  A ball python (D:1)
  5 hobgoblins
  13 kobolds
  2 quokkas (D:2)
  6 bats
  3 frilled lizards (D:1)
  11 goblins
  7 rats
59 creatures vanquished.

Notes
Turn   | Place    | Note
-------+----------+-------------------------------------------
     0 | D:1      | Monsterracer the Ghoul Wanderer began the quest for the Orb.
     0 | D:1      | Monsterracer set off with: a +2 short sword, a potion of curing, a ration, a +0 robe, a scroll of teleportation
     0 | D:1      | Reached XP level 1. HP: 16/16 MP: 0/0
     2 | D:1      | Noticed an ogre
     4 | D:1      | Noticed a centaur
     6 | D:1      | Noticed a troll
     6 | D:1      | Noticed a demonspawn
     8 | D:1      | Noticed a spriggan
     8 | D:1      | Noticed a halfling
    10 | D:1      | Noticed a vine stalker
    12 | D:1      | Noticed a ghoul
    12 | D:1      | Noticed a felid
    14 | D:1      | Noticed an octopode
    16 | D:1      | Noticed a formicid
    16 | D:1      | Noticed a dwarf
    18 | D:1      | Noticed a minotaur
    18 | D:1      | Noticed a naga
    20 | D:1      | Noticed a gargoyle
    20 | D:1      | Noticed a draconian
    22 | D:1      | Noticed a merfolk
    22 | D:1      | Noticed a human
    24 | D:1      | Noticed a vampire
    24 | D:1      | Noticed a demigod
    26 | D:1      | Noticed an elf
    26 | D:1      | Noticed a tengu
    41 | D:1      | Reached skill level 1 in Unarmed Combat
    47 | D:1      | Reached XP level 2. HP: 13/23 MP: 1/1
    51 | D:1      | Reached skill level 2 in Unarmed Combat
    89 | D:1      | HP: 11/23 [rat (1)]
    94 | D:1      | HP: 2/23 [hobgoblin/club (4)]
   100 | D:1      | HP: 3/23 [hobgoblin/club (3)]
   102 | D:1      | HP: 1/23 [hobgoblin/club (2)]
   676 | D:1      | Reached XP level 3. HP: 17/25 MP: 2/2
   717 | D:1      | Reached skill level 3 in Unarmed Combat
   967 | D:1      | HP: 10/28 [kobold/short sword (5)]
   977 | D:1      | HP: 14/28 [bat (1)]
   982 | D:1      | HP: 14/28 [bat (1)]
   990 | D:1      | HP: 14/28 [frilled lizard (2)]
  1152 | D:2      | Found a runed door.
  1227 | D:2      | Noticed Natasha
  1427 | D:2      | Killed Natasha
  1427 | D:2      | Reached skill level 4 in Unarmed Combat
  1427 | D:2      | Reached XP level 4. HP: 22/35 MP: 3/3
  1674 | D:2      | Noticed Natasha
  1681 | D:2      | HP: 14/35 [Natasha (6)]
  1682 | D:2      | Killed Natasha
  2024 | D:2      | Noticed Natasha
  2030 | D:2      | Killed Natasha
  2030 | D:2      | Reached skill level 5 in Unarmed Combat
  2030 | D:2      | Reached XP level 5. HP: 29/40 MP: 4/4
  2718 | D:3      | Found a deep blue altar of Sif Muna.
  2811 | D:3      | Noticed Sigmund
  2820 | D:3      | HP: 13/40 [something (9)]
  2828 | D:3      | HP: 11/40 [something (2)]
  2849 | D:3      | Slain by Sigmund

Skill      XL: |  1  2  3  4 |
---------------+-------------+-----
Unarmed Combat | 1 2 4 5 |  5.3
Fighting       | |  1.2
Short Blades   | |  3.6
Bows           | |  1.0
Armour         | |  1.0
Dodging        | |  1.0
Stealth        | |  1.1
Shields        | |  1.0

Action                   |  1- 3 |  4- 6 || total
-------------------------+-------+-------++-------
Melee: Short sword       |   136 |     3 ||   139
       Unarmed           |       |    81 ||    81
       Punch             |       |     2 ||     2
 Stab: Sleeping          |     1 |     3 ||     4
  Eat: Chunk             |    18 |    11 ||    29
Armor: Robe              |    31 |    24 ||    55
Dodge: Dodged            |    87 |    36 ||   123

Vault maps used:
D:1:      kb_arrival_jail
D:2:      uniq_natasha, uniq_crazy_yiuf_cottage
D:3:      marbit_many_paths, led_sif_pool, uniq_ijyb, uniq_sigmund
